 Dungeon Crawl Stone Soup version 0.19.1 (webtiles) character file.

3 RKaid the Magician (level 1, -1/11 HPs)
             Began as an Octopode Wizard on Dec 25, 2016.
             Slain by a leopard gecko (5 damage)
             ... on level 1 of the Dungeon.
             The game lasted 00:00:46 (506 turns).

RKaid the Magician (Octopode Wizard)                 Turns: 506, Time: 00:00:48

Health: -1/11      AC:  1    Str:  6    XL:     1   Next: 50%
Magic:  1/4        EV: 13    Int: 20    God:
Gold:   0          SH:  0    Dex: 10    Spells: 1 memorised, 5 levels left

rFire  . . .     SeeInvis .     (no weapon)
rCold  . . .     Gourm    .     (no shield)
rNeg   . . .     Faith    .     a - +0 hat
rPois  .         Spirit   .     (no amulet)
rElec  .         Reflect  .     (no ring)
rCorr  .         Harm     .     (no ring)
MR     .....                    (no ring)
Stlth  +++.......               (no ring)
                                (no ring)
                                (no ring)
                                (no ring)
                                (no ring)

@: no status effects
A: almost no armour, stealthy swim, amphibious, 8 rings, constrict 8, camouflage
1, gelatinous body 1
a: no special abilities


You were on level 1 of the Dungeon.
You were not hungry.

You visited 1 branch of the dungeon, and saw 1 of its levels.

Inventory:

Hand Weapons
 d - a +0 whip
   (You found it on level 1 of the Dungeon)
Armour
 a - a +0 hat (worn)
Scrolls
 e - a scroll of identify {unknown}
Books
 b - a book of Minor Magic
Comestibles
 c - a bread ration


   Skills:
 - Level 2.0 Dodging
 - Level 2.6 Stealth
 + Level 3.1 Spellcasting
 + Level 1.2 Conjurations
   Level 1.0 Summonings
   Level 1.0 Translocations


You had 5 spell levels left.
You knew the following spells:

 Your Spells              Type           Power        Failure   Level  Hunger
a - Magic Dart            Conj           #...         12%         1    None


Dungeon Overview and Level Annotations

Branches:
Dungeon (1/15)

Altars:


Innate Abilities, Weirdness & Mutations

You cannot wear most types of armour.
You are very stealthy in the water. (Stealth+)
You are amphibious.
You can wear up to eight rings at the same time.
You can use your tentacles to constrict eight enemies at once.
Your skin changes colour to match your surroundings (Stealth+).
Your rubbery body absorbs attacks. (AC +1, EV +1)


Message History

Aiming: Magic Dart
Press: ? - help, Shift-Dir - straight line, f/p - goblin
Aim: a goblin, wearing a robe (heavily wounded)
The magic dart hits the goblin.
The goblin throws a stone.
The stone closely misses you.
Casting: Magic Dart
Confirm with . or Enter, or press ? or * to list all spells.
Aiming: Magic Dart
Press: ? - help, Shift-Dir - straight line, f/p - goblin
Aim: a goblin, wearing a robe (heavily wounded)
The magic dart hits the goblin.
The goblin throws a stone.
The stone closely misses you.
Casting: Magic Dart
Confirm with . or Enter, or press ? or * to list all spells.
You don't have enough magic to cast that spell.
Casting: Magic Dart
Confirm with . or Enter, or press ? or * to list all spells.
You don't have enough magic to cast that spell.
Casting: Magic Dart
Confirm with . or Enter, or press ? or * to list all spells.
You don't have enough magic to cast that spell.
Casting: Magic Dart
Confirm with . or Enter, or press ? or * to list all spells.
You don't have enough magic to cast that spell.
A goblin is nearby!
A goblin is nearby!
A goblin is nearby!
A goblin is nearby!
A goblin is nearby!
The goblin throws a stone.
The stone barely misses you.
You see here a stone.
A rat comes into view.
The rat moves out of view.
The goblin throws a stone.
The stone hits you but does no damage.
You see here a stone.
The goblin throws a stone.
The stone barely misses you.
You see here a stone.
The goblin throws a stone.
The stone hits you. The goblin barely misses you.
The goblin closely misses you.
Really attack barehanded? [Y]es or [N]o only, please.
Really attack barehanded? [Y]es or [N]o only, please.
Really attack barehanded? [Y]es or [N]o only, please.
Really attack barehanded? [Y]es or [N]o only, please.
Really attack barehanded?
You closely miss the goblin. You grab the goblin.
You constrict the goblin, but do no damage.
The goblin closely misses you.
You tentacle-slap the goblin but do no damage.
You constrict the goblin, but do no damage.
The goblin hits you but does no damage.
A leopard gecko comes into view.
The leopard gecko hisses angrily.
You tentacle-slap the goblin but do no damage.
You constrict the goblin. The goblin misses you.
You tentacle-slap the goblin but do no damage.
You constrict the goblin.
You kill the goblin!
Items here: $ ( ? [ † 2 stones; a robe; 3 scrolls labeled YRCHUD RYNAL; 5 gold pieces a goblin corpse The leopard gecko closely misses you.
Items here: $ ( ? [ † 2 stones; a robe; 3 scrolls labeled YRCHUD RYNAL; 5 gold pieces a goblin corpse The leopard gecko barely misses you.
The leopard gecko bites you.
A leopard gecko is nearby!
A leopard gecko is nearby!
A leopard gecko is nearby!
A leopard gecko is nearby!
A leopard gecko is nearby!
A leopard gecko is nearby!
A leopard gecko is nearby!
Casting: Magic Dart
Confirm with . or Enter, or press ? or * to list all spells.
Aiming: Magic Dart
Press: ? - help, Shift-Dir - straight line, f - leopard gecko
Aim: a leopard gecko (clinging)
The magic dart hits the leopard gecko.
The leopard gecko bites you.
Casting: Magic Dart
Confirm with . or Enter, or press ? or * to list all spells.
Aiming: Magic Dart
Press: ? - help, Shift-Dir - straight line, f/p - leopard gecko
Aim: a leopard gecko (heavily wounded, clinging)
The magic dart hits the leopard gecko.
The leopard gecko misses you. The leopard gecko barely misses you.
Casting: Magic Dart
Confirm with . or Enter, or press ? or * to list all spells.
You don't have enough magic to cast that spell.
Casting: Magic Dart
Confirm with . or Enter, or press ? or * to list all spells.
You don't have enough magic to cast that spell.
You tentacle-slap the leopard gecko but do no damage.
Your grab misses the leopard gecko. The leopard gecko bites you.
You die...

.#.# ##.#.# .#.#(########
.#.#(.......## #####
....(###.###.# #...########
...#(##..# #.# #.#........#
..##.##..###.# #...#.#.##[#
...#.##.#...######.##.#.##.#
...(...........l@..##.#.##.#
#..####.#############.#.##.#
...####.### #.#.##.#
.#.#......#### #......#
##.#.........##### ###.####
...#....#.##.....# #.#
#.......#.##.....# #.#
........#........# #.#
#.##.#..#.##.....# ###.#


You could see a leopard gecko.

Vanquished Creatures
  A giant cockroach (D:1)
  A goblin (D:1)
  A rat (D:1)
3 creatures vanquished.

Notes
Turn   | Place    | Note
-------+----------+-------------------------------------------
     0 | D:1      | RKaid the Octopode Wizard began the quest for the Orb.
     0 | D:1      | Reached XP level 1. HP: 11/11 MP: 4/4
   506 | D:1      | Slain by a leopard gecko

Action                   || total
-------------------------++-------
Melee: Unarmed           ||     5
       Constrict         ||     1
 Cast: Magic Dart        ||    17
Armor: Skin              ||     3
Dodge: Dodged            ||    30

Vault maps used:
D:1:      scummos_arrival_hexagon

Table legend:
 A = Turns spent in this place as a percentage of turns spent in the entire game.
 B = Non-inter-level travel turns spent in this place as a percentage of non-inter-level travel turns spent in the entire game.
 C = Inter-level travel turns spent in this place as a percentage of turns spent in this place.
 D = Turns resting spent in this place as a percentage of non-inter-level travel turns spent in this place.
 E = Turns spent auto-exploring this place as a percentage of non-inter-level travel turns spent in this place.
 F = Non-inter-level travel turns spent in this place divided by the number of levels of this place that you've seen.
                   A       B       C       D       E      F
               +-------+-------+-------+-------+-------+----------------------
         Total | 100.0 | 100.0 |   0.0 |   2.7 |   3.3 | 182.0
       Dungeon | 100.0 | 100.0 |   0.0 |   2.7 |   3.3 | 182.0
               +-------+-------+-------+-------+-------+----------------------

Table legend:
 A = Kills in this place as a percentage of kills in entire the game.
 B = Kills by you in this place as a percentage of kills by you in the entire game.
 C = Kills by friends in this place as a percentage of kills by friends in the entire game.
 D = Other kills in this place as a percentage of other kills in the entire game.
 E = Experience gained in this place as a percentage of experience gained in the entire game.
 F = Experience gained in this place divided by the number of levels of this place that you have seen.
                   A       B       C       D       E      F
               +-------+-------+-------+-------+-------+----------------------
         Total | 100.0 | 100.0 |  -nan |  -nan | 100.0 |   5.0
       Dungeon | 100.0 | 100.0 |  -nan |  -nan | 100.0 |   5.0
               +-------+-------+-------+-------+-------+----------------------
